 Dungeon Crawl Stone Soup version 0.31.0-4-g52a2dc7128 (webtiles) character file.

Game seed: 6871163528969136347

26775 Esekla the Eclecticist (level 13, -6/65 HPs)
             Began as a Deep Elf Warper on Jan 22, 2024.
             Was a High Priest of Vehumet.
             Killed from afar by a kobold blastminer (29 damage)
             ... with an iron shot
             ... on level 2 of the Orcish Mines.
             The game lasted 01:57:12 (17970 turns).

Esekla the Eclecticist (Deep Elf Warper)           Turns: 17970, Time: 01:57:12

Health: -6/65      AC: 17    Str: 13    XL:     13   Next: 0%
Magic:  29/36      EV: 14    Int: 32    God:    Vehumet [*****.]
Gold:   395        SH:  0    Dex: 14    Spells: 13/46 levels left

rFire   . . .        z - +3 scimitar (freeze)
rCold   . . .        (no shield)
rNeg    . . .        q - +4 ring mail of the Orange Skies {Int+2}
rPois   .            (no helmet)
rElec   +            (no cloak)
rCorr   .            X - +0 pair of gloves "Tokotten" {rElec Str+5 SInv}
SInv    +            Q - +0 pair of boots
Will    +....        i - amulet of the acrobat
Stlth   ++           L - +4 ring of protection
HPRegen 0.30/turn    A - +6 ring of intelligence
MPRegen 0.25/turn

%: acrobat
@: fugue, freezing walls, studying Armour
A: no striking features
a: Renounce Religion


You were on level 2 of the Orcish Mines.
You worshipped Vehumet.
Vehumet was extremely pleased with you.
You visited 4 branches of the dungeon, and saw 15 of its levels.
You also visited: Bailey and Volcano.

You collected 1123 gold pieces.
You spent 728 gold pieces at shops.

Inventory:

Hand Weapons
 a - a +2 long sword of flaming
 b - a +3 scimitar
 r - a +1 vampiric trident
 s - a +2 dagger of electrocution
 z - a +3 scimitar of freezing (weapon)
Missiles
 o - 12 boomerangs (quivered)
 y - 51 poisoned darts
 D - 2 curare-tipped darts
Armour
 q - the +4 ring mail of the Orange Skies (worn) {Int+2}
   (You found it on level 9 of the Dungeon)

   Int+2:     It affects your intelligence (+2).
 B - +0 acid dragon scales
 Q - a +0 pair of boots (worn)
 S - a +2 leather armour of fire resistance
 W - the +4 robe of Rebul {Rampage *Slow rCorr Archmagi}
   (You bought it in a shop on level 1 of the Orcish Mines)

   rCorr:     It protects you from acid and corrosion.
   *Slow:     It may slow you when you take damage.
   Rampage:   It bestows one free step when moving towards enemies.
   Archmagi:  It increases the power of your magical spells.
 X - the +0 pair of gloves "Tokotten" (worn) {rElec Str+5 SInv}
   (You bought it in a shop on level 1 of the Orcish Mines)

   Str+5:     It affects your strength (+5).
   rElec:     It insulates you from electricity.
   SInv:      It lets you see invisible.
Magical Staves
 G - a staff of cold
Jewellery
 c - a ring of protection from cold
 i - an amulet of the acrobat (around neck)
 A - a +6 ring of intelligence (right hand)
 I - a +5 ring of evasion
 L - a +4 ring of protection (left hand)
 P - a ring of magical power
Wands
 d - a wand of flame (16)
 u - a wand of mindburst (6)
 F - a wand of roots (13)
 J - a wand of digging (1)
 V - a wand of acid (5)
Scrolls
 e - 3 scrolls of amnesia {unknown}
 g - 3 scrolls of enchant armour
 h - 2 scrolls of fog
 k - 3 scrolls of vulnerability {unknown}
 m - 2 scrolls of enchant weapon {unknown}
 n - 2 scrolls of poison {unknown}
 w - a scroll of teleportation
 E - a scroll of acquirement
 H - 2 scrolls of fear
 K - 5 scrolls of immolation {unknown}
 O - 2 scrolls of brand weapon {unknown}
Potions
 f - a potion of berserk rage
 j - 3 potions of enlightenment
 l - a potion of magic {unknown}
 p - 6 potions of curing
 v - 2 potions of mutation
 x - 3 potions of haste
 C - a potion of might
 M - 2 potions of heal wounds {unknown}
 N - 3 potions of brilliance
 R - 2 potions of attraction {unknown}
 T - 2 potions of invisibility {unknown}
 U - a potion of cancellation {unknown}


   Skills:
 - Level 1.5 Fighting
 + Level 5.7 Long Blades
 + Level 2.0 Throwing
 * Level 7.3 Armour
 * Level 9.7 Dodging
 + Level 3.7 Stealth
 * Level 17.1 Spellcasting
 * Level 0.3 Conjurations
 * Level 9.6 Necromancy
 + Level 3.7 Translocations
 + Level 3.1 Fire Magic
 + Level 8.4 Ice Magic
 * Level 5.0 Air Magic
 * Level 0.2 Earth Magic
 + Level 3.0 Alchemy
 + Level 0.3 Evocations


You had 13 spell levels left.
You knew the following spells:

 Your Spells              Type           Power      Damage    Failure   Level
a - Ozocubu's Armour      Ice            69%        N/A       1%          3
b - Blink                 Tloc           100%       N/A       1%          2
d - Vampiric Draining     Necr           73%        2d11      1%          3
h - Vhi's Electric Charg  Tloc/Air       100%       N/A       4%          4
i - Irradiate             Conj/Alch      19%        3d18      11%         5
l - Lee's Rapid Deconstr  Erth           14%        3d9*      19%         5
p - Apportation           Tloc           100%       N/A       1%          1
r - Frozen Ramparts       Ice            100%       1d16      1%          3
w - Fugue of the Fallen   Necr           73%        N/A       1%          3
y - Sticky Flame          Fire/Alch      47%        2d9       2%          4

Your spell library contained the following spells:

 Spells                   Type           Power      Damage    Failure   Level
 Freeze                   Ice            100%       1d10      1%          1
 Lesser Beckoning         Tloc           100%       N/A       1%          2
 Sublimation of Blood     Necr           73%        N/A       1%          2
 Hailstorm                Conj/Ice       53%        3d10      1%          3
 Teleport Other           Tloc           51%        N/A       1%          3
 Volatile Blastmotes      Fire/Tloc      98%        2d18      1%          3
 Slow                     Hex            100%       N/A       2%          1
 Dazzling Flash           Conj/Hex       56%        N/A       2%          3
 Jinxbite                 Hex            54%        N/A       4%          2
 Manifold Assault         Tloc           51%        N/A       6%          4
 Confusing Touch          Hex            27%        N/A       9%          3
 Sigil of Binding         Hex            27%        N/A       9%          3
 Petrify                  Alch/Erth      37%        N/A       14%         4
 Alistair's Intoxication  Alch           31%        N/A       22%         5
 Starburst                Conj/Fire      19%        6d7       45%         6
 Maxwell's Capacitive Co  Air            28%        ∞         99%         8


Dungeon Overview and Level Annotations

Branches:
Dungeon (10/15)            Temple (1/1) D:4            Lair (2/5) D:10
 Shoals (0/4) Lair:2          Orc (2/2) D:9          Bailey (visited)
Volcano (visited)
  Snake: Lair:2-3    Spider: Lair:2-3       Elf: Orc:2

Altars:
Ashenzari
Cheibriados
Dithmenos
Elyvilon
Fedhas
Gozag
Hepliaklqana
Kikubaaqudgha
Makhleb
Nemelex Xobeh
Okawaru
Qazlal
Ru
Sif Muna
Trog
Uskayaw
Vehumet
Wu Jian
Xom
Yredelemnul
Zin
The Shining One

Shops:
D:1 (   D:7 [   Orc:1 [

Annotations:
D:4 Grinder
D:7 2 runed translucent doors, Vadun's ghost, novice TrGl
D:9 3 runed translucent doors, trckry's ghost, novice DsGl
D:10 3 runed translucent doors, PaiMei's ghost, journeyman DsNe
Lair:2 2 transporters, shadowrider38's ghost, novice MiFi


Message History

The wailing of tortured souls fills the air!
You see here a +0 giant spiked club.
You now have 395 gold pieces (gained 25).
Found a stone staircase leading up.
The wailing of tortured souls fills the air!
The wailing of tortured souls fills the air!
A kobold blastminer comes into view.
The wailing of tortured souls fills the air!
You hear a shout! x2
A kobold blastminer comes into view.
The kobold blastminer wields a +0 arbalest.
The kobold blastminer shoots a bolt.
The bolt closely misses you.
The kobold blastminer wields a +0 arbalest.
The kobold blastminer shoots a bolt.
The bolt hits you!!
Found 17 gold pieces.
The wailing of tortured souls fills the air!
The kobold blastminer unwields a +0 arbalest.
The kobold blastminer completely misses you.
The kobold blastminer unwields a +0 arbalest.
The kobold blastminer closely misses you.
Casting: Fugue of the Fallen (safe; 1% risk of failure)
Confirm with . or Enter, or press ? or * to list all spells.
Casting: Frozen Ramparts (safe; 1% risk of failure)
Press: ? - help, Dir - look around, f - activate The walls around you are covered in ice.
The wall freezes the kobold blastminer.
The kobold blastminer blasts its cannon at you.
The iron shot hits you!!
The wall freezes the kobold blastminer!
The kobold blastminer hits you.
* * * LOW HITPOINT WARNING * * *
Casting: Frozen Ramparts (safe; 1% risk of failure)
Confirm with . or Enter, or press ? or * to list all spells.
Aiming: Vampiric Draining (safe; 1% risk of failure)
Press: ? - help, Shift-Dir - straight line, f - kobold blastminer
Aim: a kobold blastminer (moderately wounded)
You draw life force from the kobold blastminer!
You feel life coursing into your body.
The wall freezes the kobold blastminer.
The kobold blastminer blasts its cannon at you.
The iron shot hits you!!
You die...

)........... .......
)).....................#
#......................#
##..#.#................#
#....#......#.........#
.#...##.#............##
###...#.#.............#
## #..................##
.###..........<.@K.....#
..##.......#...##K.....#
...)......##...# .#....#
...).##..####.## .. ..##
##.###...# ### .#. ##
#####..## .$.. #...# #.
.. ##.## # .## ###


You could see 2 kobold blastminers.

Vanquished Creatures
  A stone giant (Volcano)
  2 hydras
  2 two-headed ogres (D:9)
  A centaur warrior (D:9)
  An orc knight (Bailey)
  2 harpies (Lair:2)
  Pikel (D:7)
  2 orc sorcerers
  A torpor snail (Lair:2)
  Maggie (D:10)
  2 komodo dragons (Lair:1)
  A gargoyle (Volcano)
  2 cane toads
  2 rime drakes (Lair:2)
  An efreet (Volcano)
  4 trolls
  45 yaks
  3 fire bats (Orc:1)
  2 wargs
  3 wyverns
  2 basilisks (Lair:2)
  An acid dragon (D:10)
  5 water moccasins
  26 orc warriors
  3 ice beasts
  4 black bears
  2 centaurs
  2 wolves (D:10)
  10 ogres
  A lemure (D:7)
  2 phantoms
  9 kobold brigands
  9 bullfrogs
  Blork the orc (D:3)
  3 earth elementals (Volcano)
  4 gnoll sergeants
  6 scorpions
  7 wights
  3 killer bees (D:10)
  A bombardier beetle (D:5)
  4 howler monkeys
  2 electric eels (Lair:2)
  2 jellies (D:6)
  13 orc priests
  2 hounds
  2 iguanas
  13 orc wizards
  Natasha (thrice) (D:2)
  18 gnolls
  3 adders
  3 white imps
  3 dart slugs
  2 ribbon worms
  65 orcs
  4 bats
  7 endoplasms
  7 giant cockroaches
  15 goblins
  8 hobgoblins
  4 jackals
  40 kobolds
  2 quokkas
  7 ball pythons
  2 frilled lizards
  4 rats
415 creatures vanquished.

Notes
Turn   | Place    | Note
-------+----------+-------------------------------------------
     0 | D:1      | Esekla the Deep Elf Warper began the quest for the Orb.
     0 | D:1      | Reached XP level 1. HP: 12/12 MP: 6/6
    74 | D:1      | Found Jaac Megg's Weapon Emporium.
   324 | D:1      | Reached XP level 2. HP: 16/16 MP: 8/8
   880 | D:1      | Learned a level 2 spell: Blink
   976 | D:1      | Reached XP level 3. HP: 20/20 MP: 10/10
  1160 | D:1      | Learned a level 1 spell: Apportation
  1451 | D:2      | Learned a level 3 spell: Vampiric Draining
  1455 | D:2      | Learned a level 3 spell: Fugue of the Fallen
  1530 | D:2      | Noticed Natasha
  1563 | D:3      | Reached skill level 1 in Stealth
  1563 | D:3      | Reached skill level 1 in Necromancy
  1720 | D:2      | Killed Natasha
  1721 | D:2      | Reached XP level 4. HP: 12/25 MP: 7/11
  2049 | D:4      | Reached skill level 1 in Ice Magic
  2049 | D:4      | Noticed Blork the orc
  2136 | D:4      | Noticed a phantom
  2221 | D:3      | Noticed a scorpion
  2710 | D:2      | Noticed Natasha
  2919 | D:2      | Killed Natasha
  2920 | D:2      | Reached skill level 4 in Spellcasting
  2920 | D:2      | Reached XP level 5. HP: 22/29 MP: 8/13
  3076 | D:1      | Learned a level 3 spell: Ozocubu's Armour
  3949 | D:3      | Reached XP level 6. HP: 30/34 MP: 10/15
  4328 | D:2      | Noticed Natasha
  4337 | D:2      | Killed Natasha
  4338 | D:2      | Reached skill level 5 in Spellcasting
  4456 | D:4      | Found a staircase to the Ecumenical Temple.
  4464 | Temple   | Entered the Ecumenical Temple
  4500 | D:4      | Learned a level 3 spell: Frozen Ramparts
  4812 | D:4      | Noticed Grinder
  4853 | D:5      | Entered Level 5 of the Dungeon
  4935 | D:5      | Found a shimmering altar of Xom.
  4935 | D:5      | Found a bloodstained altar of Trog.
  5426 | D:3      | Killed Blork the orc
  5427 | D:3      | Reached XP level 7. HP: 13/38 MP: 2/17
  5797 | D:5      | Reached skill level 6 in Spellcasting
  6074 | D:5      | Found an ornate altar of the Wu Jian Council.
  6116 | D:5      | Reached skill level 7 in Spellcasting
  6490 | D:5      | Reached XP level 8. HP: 42/43 MP: 14/21
  6892 | D:1      | Bought a +2 long sword of flaming for 237 gold pieces
  7162 | D:6      | Reached skill level 8 in Spellcasting
  7212 | D:6      | Reached skill level 5 in Dodging
  7482 | D:6      | Reached skill level 9 in Spellcasting
  7798 | D:6      | Reached skill level 5 in Ice Magic
  8073 | D:6      | Reached XP level 9. HP: 47/47 MP: 17/24
  8114 | D:6      | Reached skill level 5 in Necromancy
  8281 | D:6      | Reached skill level 10 in Spellcasting
  8494 | D:7      | Found Zevom's Antique Armour Shoppe.
  8571 | D:7      | Noticed Pikel
  8579 | D:7      | Killed Pikel
  8678 | D:7      | Found a large runed translucent door.
  8678 | D:7      | Found a large runed translucent door.
  8710 | D:7      | Noticed Vadun's ghost (novice TrGl)
  8793 | D:7      | Reached skill level 11 in Spellcasting
  8840 | D:7      | Found a flagged portal.
  8899 | Bailey   | Entered a bailey
  9085 | Bailey   | Reached skill level 12 in Spellcasting
  9350 | Bailey   | Reached XP level 10. HP: 52/52 MP: 21/28
  9432 | Bailey   | Noticed an orc knight
  9445 | Bailey   | Identified the +7 executioner's axe of a Gauntlet {holy,
                  | Will+}
  9475 | Bailey   | Killed an orc knight
  9476 | Bailey   | Reached skill level 1 in Armour
  9683 | D:7      | Found a radiant altar of Vehumet.
  9684 | D:7      | Found a sparkling altar of Nemelex Xobeh.
  9686 | D:7      | Found a broken altar of Ashenzari.
  9688 | D:7      | Found a sacrificial altar of Ru.
  9688 | D:7      | Found a blossoming altar of Fedhas.
  9689 | D:7      | Found a basalt altar of Yredelemnul.
  9691 | D:7      | Became a worshipper of Vehumet
  9868 | D:4      | Learned a level 4 spell: Vhi's Electric Charge
 10917 | D:8      | Reached skill level 13 in Spellcasting
 10921 | D:8      | Reached skill level 1 in Air Magic
 10944 | D:8      | Found an opulent altar of Gozag.
 10959 | D:8      | You fall into a shaft and drop 1 floor!
 11084 | D:8      | Identified the +2 robe of Devotion {rC- Str+2 Int+4}
 11190 | D:8      | Reached * piety under Vehumet
 11190 | D:8      | Offered knowledge of Shock by Vehumet.
 11405 | D:8      | Found a glowing silver altar of Zin.
 11562 | D:9      | Noticed a centaur warrior
 11572 | D:9      | Killed a centaur warrior
 11573 | D:9      | Reached skill level 14 in Spellcasting
 11617 | D:9      | Found a runed translucent gate.
 11625 | D:9      | Found a runed translucent gate.
 11625 | D:9      | Found a runed translucent gate.
 11630 | D:9      | Noticed trckry's ghost (novice DsGl)
 11670 | D:9      | Reached XP level 11. HP: 47/56 MP: 22/31
 11932 | D:9      | Noticed a two-headed ogre
 11940 | D:9      | Killed a two-headed ogre
 12082 | D:9      | Noticed a two-headed ogre
 12093 | D:9      | Killed a two-headed ogre
 12227 | D:9      | Found a staircase to the Orcish Mines.
 12236 | D:9      | Reached ** piety under Vehumet
 12241 | D:9      | Offered knowledge of Sting by Vehumet.
 12406 | D:9      | Identified the +4 ring mail of the Orange Skies {Int+2}
 12749 | D:10     | Entered Level 10 of the Dungeon
 12763 | D:10     | Noticed a six-headed hydra
 12774 | D:10     | Killed a five-headed hydra
 12784 | D:10     | Reached skill level 15 in Spellcasting
 12790 | D:10     | Noticed Maggie
 12807 | D:10     | Killed Maggie
 12812 | D:10     | Offered knowledge of Inner Flame by Vehumet.
 12877 | D:10     | Reached *** piety under Vehumet
 13024 | D:10     | Found a runed translucent gate.
 13024 | D:10     | Found a runed translucent gate.
 13026 | D:10     | Found a runed translucent gate.
 13026 | D:10     | Noticed a frost giant
 13027 | D:10     | Noticed PaiMei's ghost (journeyman DsNe)
 13227 | D:10     | Reached skill level 5 in Long Blades
 13304 | D:10     | Found a staircase to the Lair.
 13605 | Lair:1   | Entered Level 1 of the Lair of Beasts
 13761 | Lair:1   | Reached skill level 5 in Armour
 13960 | Lair:1   | Offered knowledge of Sticky Flame by Vehumet.
 13963 | Lair:1   | Reached XP level 12. HP: 61/61 MP: 25/33
 13991 | Lair:1   | Learned a level 4 spell: Sticky Flame
 14144 | Lair:1   | Reached skill level 16 in Spellcasting
 14693 | Lair:2   | Reached skill level 1 in Fire Magic
 14705 | Lair:2   | Noticed an eight-headed hydra
 14720 | Lair:2   | Killed a six-headed hydra
 14720 | Lair:2   | Reached **** piety under Vehumet
 14721 | Lair:2   | Reached skill level 1 in Alchemy
 14778 | Lair:2   | Offered knowledge of Iskenderun's Battlesphere by Vehumet.
 15069 | Lair:2   | Found a staircase to the Shoals.
 15126 | Lair:2   | Noticed shadowrider38's ghost (novice MiFi)
 15147 | Lair:2   | Found a transporter.
 15147 | Lair:2   | Found a transporter.
 15880 | Orc:1    | Entered Level 1 of the Orcish Mines
 16192 | Orc:1    | Paralysed by an orc sorcerer for 4 turns
 16249 | Orc:1    | Found a dark tunnel.
 16270 | Volcano  | Entered a volcano
 16405 | Volcano  | Noticed a stone giant
 16444 | Volcano  | Killed a stone giant
 16444 | Volcano  | Reached ***** piety under Vehumet
 16445 | Volcano  | Reached skill level 5 in Air Magic
 16599 | Volcano  | Learned a level 5 spell: Irradiate
 16951 | Volcano  | Offered knowledge of Lee's Rapid Deconstruction by Vehumet.
 16988 | Volcano  | Learned a level 5 spell: Lee's Rapid Deconstruction
 17550 | Orc:1    | Found Ropal's Antique Armour Shoppe.
 17554 | Orc:1    | Bought a crude robe for 148 gold pieces
 17554 | Orc:1    | Identified the +4 robe of Rebul {Rampage *Slow rCorr
                  | Archmagi} (You bought it in a shop on level 1 of the Orcish
                  | Mines)
 17554 | Orc:1    | Bought a pair of jewelled gloves for 247 gold pieces
 17554 | Orc:1    | Identified the +0 pair of gloves "Tokotten" {rElec Str+5
                  | SInv} (You bought it in a shop on level 1 of the Orcish
                  | Mines)
 17554 | Orc:1    | Bought a runed robe for 96 gold pieces
 17634 | Orc:2    | Entered Level 2 of the Orcish Mines
 17835 | Orc:2    | Noticed a two-headed ogre
 17835 | Orc:2    | Noticed a two-headed ogre
 17855 | Orc:2    | Reached skill level 17 in Spellcasting
 17946 | Orc:2    | Reached XP level 13. HP: 65/65 MP: 27/36
 17970 | Orc:2    | Killed from afar by a kobold blastminer

Illustrated notes

Levels and vault maps discovered:
D:1:      nzn_arrival_crosshair, layout_basic, serial_shops,
          nicolae_shop_bloodbath_and_beyond, roderic_lattice_a,
          minmay_hedge_maze, minivault_24
D:2:      layout_basic, minmay_misc_feat_diagonals, minmay_misc_feat_pillars,
          amcnicky_mini_corridor_feature, uniq_natasha
D:3:      layout_basic, portal_sewer_entry_e, serial_forest,
          infiniplex_forest_clump_double, infiniplex_forest_straight_2,
          infiniplex_forest_straight_2, infiniplex_forest_end_3,
          infiniplex_forest_clump_C, infiniplex_forest_clump_small,
          infiniplex_forest_clump_tiny, grunt_decor_one_mirror
D:4:      layout_basic, minmay_temple_entry_overgrown, serial_glass,
          glass_columns_c, glass_columns_b, kennysheep_nondescript,
          amcnicky_mini_rare_corridor_liquid, uniq_blork_the_orc, uniq_grinder
D:5:      layout_cave_pools, nzn_wu_jian_council_hall,
          gammafunk_temple_overflow_wave
D:6:      cheibrodos_thug_alley, layout_loops_ring
D:7:      layout_basic, grunt_temple_overflow_open, enter_bailey_5,
          ebering_ghost_disaster_area, minmay_shop_grid_forest,
          kennysheep_generic_room_11, uniq_pikel
D:8:      layout_rooms, pdpol_temple_overflow_zin_treasury_gozag_greed
D:9:      layout_loops_corners, kennysheep_orc_monster_closet_entryway,
          gammafunk_ghost_spectres
D:10:     layout_loops_ring, erik_lair_orcish_takeover, gammafunk_ghost_split,
          serial_bayou_pond_a, chequers_serial_rivers_micro_c,
          chequers_serial_rivers_small_b, uniq_maggie
Temple:   bh_familiar_temple
Lair:1:   layout_small_grid
Lair:2:   layout_gridlike, nicolae_shoals_entry_roost, gammafunk_ghost_hive,
          minivault_23, grunt_megastairs_4, lemuel_fruit_fields,
          serial_bayou_shore_a
Orc:1:    layout_caves, nicolae_volcano_entry_batcave, serial_shops,
          nicolae_shop_back_alley_shop
Orc:2:    st_orc_ogre_mass, layout_caves

Skill      XL: |  1  2  3  4  5  6  7  8  9 10 11 12 |
---------------+-------------------------------------+-----
Dodging        | 3 4 5 7 9 |  9.7
Long Blades    | 2 3 4 5 |  5.7
Stealth        | 1 2 3 |  3.7
Necromancy     | 1 2 3 4 6 7 8 9 |  9.6
Ice Magic      | 1 2 3 5 6 7 8 |  8.4
Spellcasting   | 4 5 7 9 12 14 15 17 | 17.1
Armour         | 3 5 7 |  7.3
Air Magic      | 2 4 5 |  5.0
Fire Magic     | 3 |  3.1
Alchemy        | 3 |  3.0
Throwing       | 2 |  2.0
Fighting       | |  1.5
Conjurations   | |  0.3
Translocations | |  3.7
Earth Magic    | |  0.2
Evocations     | |  0.3

Action                     |  1- 3 |  4- 6 |  7- 9 | 10-12 | 13-15 || total
---------------------------+-------+-------+-------+-------+-------++-------
  Melee: Falchion          |    88 |       |       |       |       ||    88
         Dagger            |     1 |     2 |     4 |    14 |       ||    21
         Punch             |     1 |       |       |     2 |       ||     3
         Long sword        |    12 |   156 |   117 |   142 |       ||   427
         Spear             |       |       |     4 |     6 |       ||    10
         Scimitar          |       |       |       |   144 |     1 ||   145
  Throw: Dart              |       |     1 |       |    28 |       ||    29
         Boomerang         |       |     1 |     8 |    13 |       ||    22
   Cast: Vampiric Draining |     1 |    24 |    22 |    36 |     1 ||    84
         Ozocubu's Armour  |       |     8 |    39 |    63 |       ||   110
         Frozen Ramparts   |       |     4 |    42 |    79 |     1 ||   126
         Blink             |       |     4 |       |     1 |       ||     5
         Apportation       |       |       |     1 |     2 |       ||     3
         Fugue of the Fall |       |       |       |    23 |       ||    23
         Sticky Flame      |       |       |       |    10 |       ||    10
         Irradiate         |       |       |       |     5 |       ||     5
         Lee's Rapid Decon |       |       |       |     3 |       ||     3
  Evoke: Wand              |       |       |     7 |     6 |       ||    13
    Use: Scroll            |       |     6 |     1 |     8 |       ||    15
         Potion            |       |     1 |       |       |       ||     1
   Stab: Sleeping          |       |     2 |     3 |     4 |       ||     9
 Armour: Leather armour    |    57 |   115 |       |    44 |       ||   216
         Robe              |       |       |   112 |    67 |       ||   179
         Ring mail         |       |       |       |   119 |     4 ||   123
  Dodge: Dodged            |    46 |   197 |   148 |   406 |     3 ||   800
